 Dungeon Crawl Stone Soup version 0.22.1-6-g1668fe2c40 (webtiles) character file.

2692 Peloso the Carver (level 9, -2/78 HPs)
             Began as a Minotaur Fighter on Jan 26, 2019.
             Was a Believer of Okawaru.
             Slain by a hornet zombie (3 damage)
             ... on level 8 of the Dungeon.
             The game lasted 00:12:38 (6144 turns).

Peloso the Carver (Minotaur Fighter)                Turns: 6144, Time: 00:12:39

Health: -2/78      AC: 15    Str: 23    XL:     9   Next: 38%
Magic:  8/8        EV:  2    Int:  5    God:    Okawaru [**....]
Gold:   94         SH:  0    Dex: 11    Spells: 8/8 levels left

rFire    + . .     SeeInvis .   a - +1 long sword (protect)
rCold    . . .     Gourm    .   c - +0 shield
rNeg     + + +     Faith    .   y - +3 chain mail {rF+}
rPois    ∞         Spirit   .   (helmet restricted)
rElec    .         Reflect  .   (no cloak)
rCorr    .         Harm     .   (no gloves)
MR       .....                  t - +0 pair of boots
Stlth    ..........             (no amulet)
HPRegen  0.23/turn              (no ring)
MPRegen  0.11/turn              (no ring)

@: petrified
A: retaliatory headbutt, horns 2
a: Heroism, Renounce Religion


You were on level 8 of the Dungeon.
You worshipped Okawaru.
Okawaru was pleased with you.
You were not hungry.

You visited 2 branches of the dungeon, and saw 9 of its levels.

You collected 295 gold pieces.
You spent 201 gold pieces at shops.

Inventory:

Hand Weapons
 a - a +1 long sword of protection (weapon)
Armour
 b - a +0 scale mail
 c - a +0 shield (worn)
 t - a +0 pair of boots (worn)
 w - a +0 plate armour
 y - a +3 chain mail of fire resistance (worn)
Wands
 q - a wand of enslavement (5)
 s - a wand of iceblast (15)
 D - a wand of disintegration (15)
Scrolls
 e - 2 scrolls of enchant armour {unknown}
 g - 6 scrolls of remove curse
 h - 7 scrolls of identify
 i - a scroll of fog {unknown}
 j - 3 scrolls of amnesia {unknown}
 k - a scroll of magic mapping {unknown}
 n - 3 scrolls of blinking {unknown}
 u - 2 scrolls of enchant weapon
 v - 4 scrolls of teleportation
 B - a scroll of torment {unknown}
Potions
 d - 2 potions of might
 l - 2 potions of curing
 m - 2 potions of lignification {unknown}
 o - a potion of haste {unknown}
 p - 4 potions of flight {unknown}
 r - a potion of degeneration {unknown}
 x - a potion of mutation {unknown}
 z - a potion of heal wounds {unknown}
 A - a potion of cancellation {unknown}
Comestibles
 f - 13 rations


   Skills:
 + Level 6.9 Fighting
 + Level 9.0 Long Blades
 + Level 8.3 Armour
 + Level 2.7 Dodging
 + Level 1.1 Stealth
 + Level 8.4 Shields


You had 8 spell levels left.
You didn't know any spells.
Your spell library contained the following spells:

 Spells                   Type           Power        Failure   Level  Hunger
 Freeze                   Ice            #...         100%        1    ##.....
 Throw Frost              Conj/Ice       #.....       100%        2    ###....
 Ozocubu's Armour         Chrm/Ice       #.......     100%        3    ####...
 Summon Ice Beast         Ice/Summ       #.......     100%        4    #####..
 Throw Icicle             Conj/Ice       #.......     100%        4    #####..


Dungeon Overview and Level Annotations

Branches:
Dungeon (8/15)             Temple (1/1) D:5
   Lair: D:8-11

Altars:
Ashenzari
Cheibriados
Dithmenos
Elyvilon
Fedhas
Gozag
Hepliaklqana
Kikubaaqudgha
Makhleb
Nemelex Xobeh
Okawaru
Qazlal
Ru
Sif Muna
Trog
Uskayaw
Vehumet
Wu Jian
Xom
Yredelemnul
Zin
The Shining One

Shops:
D:5 ?

Annotations:
D:6 1 runed door, rumpelstilzz's ghost, novice CeFi
D:7 2 runed doors, stillor's ghost, novice DsNe


Innate Abilities, Weirdness & Mutations

You reflexively headbutt those who attack you in melee.
You have a pair of horns on your head.


Message History

A hornet zombie comes into view.
You have turned to stone.
Found four items.
The wyvern bites you!
* * * LOW HITPOINT WARNING * * *
The hornet zombie hits you.
* * * LOW HITPOINT WARNING * * *
The wyvern bites you!
* * * LOW HITPOINT WARNING * * *
The hornet zombie hits you.
* * * LOW HITPOINT WARNING * * *
The wyvern bites you but does no damage.
The hornet zombie hits you but does no damage.
The wyvern bites you!
* * * LOW HITPOINT WARNING * * *
The wyvern bites you!
* * * LOW HITPOINT WARNING * * *
The hornet zombie completely misses you.
The wyvern bites you but does no damage.
The hornet zombie hits you!
You die...

######## #.
#../....# #.#
#......#.#.#
#.......#.#
#......#.#+#.
#.........(..
#....l.......
#@.......
#.Z......
#........
#.(......
#........
#........
#........
#########


You could see a wyvern and a hornet zombie.

Vanquished Creatures
  Pikel (D:4)
  Prince Ribbit (D:7)
  Sigmund (D:6)
  Edmund (D:6)
  Menkaure (D:7)
  A porcupine (D:8)
  An ice beast (D:6)
  2 phantoms
  A black bear (D:8)
  2 ogres (D:4)
  A wolf (D:8)
  A crocodile (D:8)
  Blork the orc (D:6)
  A bullfrog (D:8)
  A water moccasin zombie (D:7)
  A bullfrog skeleton (D:4)
  4 hounds
  An orc priest (D:7)
  A jelly (D:6)
  2 orc wizards (D:6)
  Ijyb (D:3)
  2 iguanas
  2 worker ants
  A hound skeleton (D:5)
  A worker ant zombie (D:6)
  11 gnolls
  5 adders
  An ooze (D:3)
  An adder zombie (D:6)
  4 worms (D:2)
  A dart slug (D:2)
  2 leopard geckos
  11 orcs
  5 bats
  6 giant cockroaches
  4 goblins
  7 hobgoblins
  20 jackals
  3 ball pythons
  6 frilled lizards
  A jackal zombie (D:6)
  7 kobolds
  A leopard gecko skeleton (D:2)
  2 quokka skeletons (D:4)
  4 rats
135 creatures vanquished.

Vanquished Creatures (others)
  A slave (D:4)
  A scorpion (D:4)
  An iguana (D:4)
  2 plants (D:8)
5 creatures vanquished.

Grand Total: 140 creatures vanquished

Notes
Turn   | Place    | Note
-------+----------+-------------------------------------------
     0 | D:1      | Peloso the Minotaur Fighter began the quest for the Orb.
     0 | D:1      | Reached XP level 1. HP: 19/19 MP: 0/0
    71 | D:1      | Reached XP level 2. HP: 22/27 MP: 1/1
   398 | D:2      | You fall through a shaft for 2 floors!
   768 | D:4      | Reached skill level 3 in Long Blades
   768 | D:4      | Reached XP level 3. HP: 29/34 MP: 2/2
   841 | D:4      | Noticed an ogre
   856 | D:4      | Killed an ogre
   856 | D:4      | Reached XP level 4. HP: 24/41 MP: 3/3
   856 | D:4      | Reached XP level 5. HP: 27/47 MP: 4/4
  1010 | D:4      | Noticed Pikel
  1010 | D:4      | Noticed a slave
  1010 | D:4      | Noticed a slave
  1010 | D:4      | Noticed a slave
  1011 | D:4      | Noticed a slave
  1033 | D:4      | Killed Pikel
  1033 | D:4      | Reached skill level 5 in Fighting
  1033 | D:4      | Reached skill level 5 in Long Blades
  1033 | D:4      | Reached skill level 5 in Armour
  1033 | D:4      | Reached skill level 1 in Dodging
  1033 | D:4      | Reached skill level 5 in Shields
  1033 | D:4      | Reached XP level 6. HP: 21/56 MP: 5/5
  1033 | D:4      | Reached XP level 7. HP: 23/61 MP: 6/6
  1331 | D:4      | Found an iron altar of Okawaru.
  1366 | D:4      | Became a worshipper of Warmaster Okawaru
  1388 | D:4      | Reached skill level 6 in Long Blades
  2003 | D:3      | Found an opulent altar of Gozag.
  2089 | D:3      | Noticed Ijyb
  2090 | D:3      | Found a sparkling altar of Nemelex Xobeh.
  2092 | D:3      | Paralysed by Ijyb for 2 turns
  2097 | D:3      | Paralysed by Ijyb for 4 turns
  2110 | D:3      | Killed Ijyb
  3037 | D:5      | Entered Level 5 of the Dungeon
  3165 | D:5      | Reached skill level 7 in Long Blades
  3200 | D:5      | Found a staircase to the Ecumenical Temple.
  3352 | D:5      | Found Ihyifank's Magic Scroll Shop.
  3357 | D:5      | Bought a scroll of teleportation for 39 gold pieces
  3357 | D:5      | Bought a scroll of remove curse for 39 gold pieces
  3357 | D:5      | Bought a scroll of identify for 26 gold pieces
  3357 | D:5      | Bought a scroll of enchant weapon for 97 gold pieces
  3426 | D:5      | Reached XP level 8. HP: 69/70 MP: 7/7
  3449 | D:5      | Reached * piety under Okawaru
  3449 | D:5      | Reached skill level 1 in Stealth
  3870 | D:6      | Noticed rumpelstilzz's ghost (novice CeFi)
  3873 | D:6      | Found a runed door.
  3905 | D:6      | Noticed Edmund
  3935 | D:6      | Killed Edmund
  4189 | D:6      | Noticed Sigmund
  4205 | D:6      | Killed Sigmund
  4205 | D:6      | Reached skill level 8 in Long Blades
  4578 | D:6      | Noticed Blork the orc
  4585 | D:6      | Killed Blork the orc
  4644 | Temple   | Entered the Ecumenical Temple
  4943 | D:6      | Found an ornate altar of the Wu Jian Council.
  4943 | D:6      | Found a faded altar of an unknown god.
  4953 | D:6      | Found a faded altar of an unknown god.
  4955 | D:6      | Found a bloodstained altar of Trog.
  4956 | D:6      | Found a deep blue altar of Sif Muna.
  5287 | D:7      | Noticed Menkaure
  5300 | D:7      | Killed Menkaure
  5590 | D:7      | Found a large runed door.
  5590 | D:7      | Found a large runed door.
  5607 | D:7      | Noticed stillor's ghost (novice DsNe)
  5704 | D:7      | Reached ** piety under Okawaru
  5710 | D:7      | Noticed Prince Ribbit
  5718 | D:7      | Killed Prince Ribbit
  5718 | D:7      | Reached XP level 9. HP: 71/78 MP: 8/8
  6088 | D:8      | Found a glowing silver altar of Zin.
  6137 | D:8      | Reached skill level 9 in Long Blades
  6143 | D:8      | HP: 1/78 [wyvern (4)]
  6144 | D:8      | Slain by a hornet zombie

Skill      XL: |  1  2  3  4  5  6  7  8  9 |
---------------+----------------------------+-----
Shields        | 4 5 8 |  8.4
Fighting       | 4 5 6 |  6.9
Long Blades    | 3 5 7 8 9 |  9.0
Armour         | 4 5 6 7 8 |  8.3
Dodging        | 1 2 |  2.7
Stealth        | 1 |  1.1

Action                   |  1- 3 |  4- 6 |  7- 9 || total
-------------------------+-------+-------+-------++-------
Melee: Long sword        |    58 |    23 |   392 ||   473
       Headbutt          |     7 |     6 |    97 ||   110
Evoke: Wand              |       |       |     1 ||     1
  Use: Potion            |       |       |     2 ||     2
       Scroll            |       |       |     1 ||     1
  Eat: Chunk             |       |       |    17 ||    17
Armor: Scale mail        |    22 |     5 |    68 ||    95
       Plate armour      |       |       |    65 ||    65
       Chain mail        |       |       |   114 ||   114
Dodge: Dodged            |    10 |     4 |   121 ||   135
Block: Shield            |    37 |    10 |   232 ||   279
       Rpst.: Long sword |     1 |     1 |    43 ||    45
